Map: Abyssal Reef LE

Players

Nôva

  • Race: Zerg Zerg
  • League: Master
  • Spawn Location: 11:00

Railgan - Winner!

  • Race: Terran Terran
  • League: Grandmaster
  • Spawn Location: 5:00

VOD

Have the link to the VOD?

Description

Time

  • Played on: March 5, 2017, 8:54 a.m.
  • Length: 20:27
Show
View Real Time Build Order
Export as new Build Order

Nôva Zerg 

Build Orders: Hatch First 

Get SALT Encoding   

  12  0:00  Drone  
  13  0:12  Overlord  
  13  0:17  Drone  
  14  0:31  Drone x2  
  14  0:35  Drone  
  17  0:54  Hatchery  
  17  0:56  Drone  
  17  1:00  Drone  
  17  1:03  Extractor  
  17  1:16  Spawning Pool  
  16  1:20  Drone  
  16  1:24  Drone  
  18  1:28  Drone  
  19  1:39  Overlord  
  19  2:03  Queen  
  19  2:04  Zergling x4  
  19  2:05  Metabolic Boost  
  23  2:11  Queen  
  26  2:15  Drone  
  26  2:19  Drone  
  27  2:24  Drone  
  27  2:25  Drone  
  27  2:29  Drone  
  30  2:34  Spore Crawler  
  30  2:45  Drone x2  
  30  2:47  Pneumatized Carapace  
  32  3:03  Overlord  
  32  3:04  Overlord  
  32  3:06  Drone x3  
  35  3:15  Overlord  
  34  3:33  Zergling x2  
  35  3:45  Drone x6, Hatchery  
  35  3:47  Queen  
  42  3:57  Drone x4  
  46  4:11  Roach Warren  
  46  4:13  Extractor x2  
  46  4:14  Extractor  
  42  4:22  Queen  
  40  4:48  Drone  
  40  4:49  Drone x2  
  40  4:50  Drone x3  
  46  4:54  Drone x2  
  46  4:55  Drone x4  
  46  4:57  Overlord  
  46  4:59  Lair  
  51  5:14  Overlord x3  
  51  5:16  Drone x3, Roach  
  51  5:17  Roach x2  
  60  5:28  Spore Crawler x2  
  58  5:33  Roach x3  
  58  5:34  Roach  
  58  5:35  Queen  
  66  5:47  Drone x4  
  69  5:56  Queen  
  70  6:03  Spore Crawler, Glial Reconstitution  
  69  6:13  Roach x5  
  69  6:18  Overlord x2  
  79  6:19  Ravager x3  
  74  6:58  Roach  
  74  6:59  Roach x12  
  100  7:04  Roach x2  
  100  7:07  Ravager x2  
  106  7:09  Overlord  
  106  7:22  Overseer  
  106  7:24  Overlord  
  106  7:28  Evolution Chamber  
  105  7:42  Roach  
  105  7:43  Roach x6  
  115  8:11  Roach x3  
  121  8:14  Zerg Missile Weapons Level 1  
  100  8:46  Drone x2, Roach x5  
  100  8:47  Drone x2  
  90  9:14  Roach x2  
  90  9:15  Drone x4  
  90  9:16  Drone x6, Roach x2  
  90  9:17  Roach  
  90  9:36  Spire  
  79  9:43  Ravager x2  
  79  9:44  Drone  
  79  9:45  Drone x2  
  78  9:49  Drone  
  78  9:50  Drone x2  
  78  9:51  Roach x6  
  93  9:57  Ravager x4  
  93  9:58  Ravager  
  98  10:00  Ravager  
  98  10:01  Overseer  
  98  10:04  Roach x2  
  95  10:36  Drone x2  
  95  10:37  Drone x3  
  95  10:38  Roach x4  
  95  10:39  Zerg Missile Weapons Level 2  
  106  10:44  Drone x2  
  106  10:46  Overlord, Roach x3  
  114  11:02  Hatchery  
  113  11:06  Roach x3  
  119  11:19  Ravager  
  119  11:20  Ravager  
  121  11:26  Overlord x2  
  116  11:40  Roach x3  
  121  11:49  Drone  
  121  11:50  Drone x2  
  121  11:53  Drone x3  
  125  12:02  Drone  
  125  12:03  Drone x4  
  100  12:22  Roach  
  100  12:23  Roach x16  
  128  12:41  Roach x5  
  133  12:44  Drone x3  
  126  13:04  Roach  
  126  13:05  Roach x3  
  134  13:06  Roach  
  134  13:07  Zerg Ground Armor Level 1  
  136  13:14  Overlord x2  
  136  13:32  Queen  
  130  13:43  Roach x2  
  130  13:44  Roach x4  
  130  13:45  Roach x2  
  130  13:46  Roach  
  148  13:56  Infestation Pit  
  147  14:03  Overlord x3, Roach x2  
  147  14:11  Hatchery  
  144  14:35  Hydralisk Den  
  143  14:43  Extractor  
  143  14:44  Extractor, Drone x3  
  143  14:45  Drone x4  
  147  14:46  Drone x2  
  147  14:51  Drone x5  
  147  14:52  Overlord x2  
  155  14:58  Drone  
  155  14:59  Drone x6  
  154  15:07  Drone x5  
  159  15:20  Hive  
  159  15:26  Zerg Ground Armor Level 2  
  159  15:28  Evolution Chamber  
  159  15:30  Muscular Augments  
  159  15:34  Nydus Network  
  157  15:43  Hydralisk x2  
  157  15:44  Hydralisk x10  
  157  15:46  Ravager x5  
  157  15:47  Ravager x2  
  164  16:14  Roach x2  
  164  16:15  Roach x4  
  164  16:16  Roach x2  
  149  16:27  Hydralisk x9  
  149  16:28  Hydralisk x2  
  169  16:50  Roach x3  
  169  16:51  Roach x9  
  174  17:19  Roach  
  174  17:20  Roach x13  
  171  17:40  Roach x10  
  147  17:52  Roach x6  
  125  18:10  Roach x3  
  125  18:12  Ravager  
  111  18:22  Roach x3  
  108  18:30  Roach x3  
  108  18:34  Roach x2  
  108  18:37  Spine Crawler  
  108  18:38  Spine Crawler  
  108  18:39  Spine Crawler  
  108  18:40  Spine Crawler x2  
  108  18:41  Spine Crawler x2  
  67  19:05  Roach  
  67  19:06  Roach x6  
  55  19:44  Zergling x14  
Show
View Real Time Build Order
Export as new Build Order

Railgan Terran - Winner!

Build Orders: Liberator Opening, Reaper Expand, Mech 

Get SALT Encoding   

  12  0:03  SCV  
  13  0:15  SCV  
  13  0:18  Supply Depot  
  14  0:27  SCV  
  15  0:40  SCV  
  16  0:43  Barracks  
  16  0:48  Refinery  
  16  0:52  SCV  
  17  1:04  SCV  
  18  1:16  SCV  
  19  1:30  Orbital Command  
  19  1:31  Reaper  
  20  1:41  Command Center  
  20  1:50  Refinery  
  20  1:55  Supply Depot  
  20  1:58  SCV  
  21  2:03  Marine  
  22  2:12  SCV  
  23  2:19  Factory  
  23  2:22  Barracks Reactor  
  23  2:24  SCV  
  24  2:36  SCV  
  25  2:48  SCV  
  26  2:54  Supply Depot  
  26  2:57  Orbital Command  
  26  3:04  Starport  
  26  3:06  SCV  
  27  3:18  SCV  
  32  3:20  Hellion x2  
  32  3:25  SCV  
  33  3:29  Marine  
  34  3:36  Liberator  
  34  3:37  SCV  
  39  3:41  Hellion x2  
  39  3:43  SCV  
  40  3:55  SCV x2  
  44  4:02  Supply Depot  
  44  4:03  Hellion x2  
  49  4:10  SCV  
  49  4:11  SCV  
  49  4:16  Barracks Reactor  
  50  4:22  SCV  
  50  4:23  SCV  
  52  4:30  Hellion  
  54  4:35  Command Center  
  52  4:44  SCV x2  
  52  4:56  SCV x2  
  52  4:57  Liberator  
  52  4:58  Hellion x2, Refinery  
  52  4:59  Refinery  
  58  5:00  Liberator  
  58  5:01  Factory  
  58  5:02  Factory  
  54  5:08  SCV x2  
  54  5:11  Supply Depot  
  54  5:12  Supply Depot  
  62  5:32  SCV x2  
  64  5:35  Supply Depot  
  64  5:39  Liberator  
  64  5:44  SCV x2  
  64  5:48  Factory Tech Lab, Armory  
  64  5:49  Factory Tech Lab, Armory  
  66  5:50  Orbital Command  
  66  5:51  Engineering Bay  
  66  5:56  SCV x2  
  71  6:05  Liberator  
  71  6:08  SCV  
  71  6:10  SCV  
  73  6:15  SCV  
  74  6:21  SCV  
  74  6:22  SCV  
  79  6:26  Hellion  
  79  6:27  Hellion x2  
  79  6:28  SCV  
  86  6:33  SCV  
  86  6:34  SCV  
  86  6:35  Missile Turret  
  86  6:37  Missile Turret  
  86  6:39  Liberator  
  88  6:40  SCV  
  88  6:45  SCV  
  88  6:46  SCV  
  88  6:52  Hellion x2, SCV  
  85  6:55  Siege Tank x2  
  85  6:57  SCV  
  85  6:58  SCV  
  85  6:59  Terran Vehicle Weapons Level 1, Terran Vehicle And Ship Armor Level 1  
  88  7:03  Refinery x2  
  88  7:05  Liberator  
  88  7:10  Factory  
  88  7:15  Supply Depot x2  
  88  7:16  Supply Depot x2  
  88  7:17  Hellion x2  
  88  7:20  SCV  
  96  7:26  SCV x2  
  96  7:28  Liberator, Hellion  
  100  7:33  SCV  
  101  7:38  SCV  
  101  7:40  Siege Tank  
  101  7:42  Hellion x2  
  112  7:51  Hellion  
  112  7:57  SCV  
  110  8:01  SCV  
  110  8:03  Hellion  
  85  8:13  Siege Tank  
  85  8:14  Hellion x2  
  77  8:31  SCV  
  65  8:34  Hellion  
  65  8:35  Siege Tank  
  65  8:36  SCV  
  65  8:37  Orbital Command  
  65  8:39  Hellion  
  56  8:46  Siege Tank  
  55  8:50  SCV  
  58  8:55  Hellion  
  58  9:05  SCV x2  
  58  9:07  Siege Tank  
  58  9:08  Orbital Command  
  53  9:17  SCV x2  
  53  9:22  Siege Tank, Hellion  
  53  9:23  Hellion  
  61  9:29  SCV x2  
  61  9:36  SCV  
  62  9:40  Siege Tank  
  62  9:41  SCV x2  
  62  9:44  Hellion x2  
  71  9:48  SCV  
  72  9:53  SCV x2  
  72  9:54  Siege Tank  
  77  10:00  SCV  
  77  10:05  SCV  
  79  10:08  SCV  
  79  10:12  SCV  
  81  10:18  SCV  
  81  10:20  Siege Tank, Refinery, SCV  
  86  10:24  Hellion, SCV  
  86  10:25  Hellion  
  89  10:30  SCV  
  89  10:32  Siege Tank, SCV  
  93  10:36  SCV  
  93  10:42  SCV  
  91  10:44  SCV  
  91  10:48  SCV  
  93  10:54  SCV  
  94  11:02  Command Center  
  94  11:10  Terran Vehicle And Ship Armor Level 2, Terran Vehicle Weapons Level 2  
  91  11:14  Infernal Pre-Igniter  
  91  11:15  Starport Tech Lab, Factory Tech Lab  
  91  11:16  Thor  
  97  11:28  Widow Mine x2  
  97  11:32  Missile Turret  
  101  11:41  Missile Turret  
  101  11:58  Thor  
  101  12:01  Missile Turret  
  101  12:03  Missile Turret x3  
  101  12:13  Thor x2  
  92  12:25  Hellion x2  
  80  12:41  Thor  
  86  12:45  SCV x2  
  88  12:52  Orbital Command  
  88  12:56  Siege Tank  
  87  13:00  SCV  
  85  13:07  Orbital Command  
  85  13:08  SCV  
  85  13:12  Siege Tank, SCV  
  90  13:17  Cyclone  
  90  13:19  SCV  
  94  13:24  SCV x2  
  96  13:31  SCV  
  97  13:36  Hellion x2, SCV  
  102  13:43  Siege Tank  
  102  13:44  Hellion  
  107  13:49  Hellion  
  109  13:57  Siege Tank, Supply Depot  
  109  13:59  SCV  
  109  14:02  Terran Vehicle Weapons Level 3  
  113  14:03  Supply Depot  
  113  14:04  Supply Depot  
  113  14:09  Cyclone  
  116  14:18  Cyclone x2  
  122  14:24  Supply Depot  
  125  14:38  Siege Tank  
  125  14:39  Thor  
  125  14:44  Cyclone  
  134  14:49  Supply Depot  
  134  14:50  Cyclone  
  131  15:10  Siege Tank  
  131  15:11  Thor  
  138  15:15  Banshee  
  138  15:16  Cloaking Field  
  138  15:17  Starport  
  141  15:32  Orbital Command  
  141  15:40  Cyclone  
  141  15:42  Supply Depot  
  144  15:49  Supply Depot  
  144  16:01  Thor  
  141  16:12  Siege Tank  
  141  16:13  Hellion x3  
  141  16:18  Liberator x2  
  129  16:33  Banshee  
  129  16:34  Siege Tank  
  129  16:37  SCV x4  
  142  16:50  Siege Tank  
  142  16:51  Hellion x2  
  149  17:14  Siege Tank  
  149  17:15  Hellion x3  
  158  17:22  Banshee, Viking x2  
  154  17:38  Cyclone  
  154  17:39  Cyclone  
  160  17:51  Liberator, SCV x2  
  156  17:55  Hellion x2  
  160  18:04  Banshee  
  161  18:05  SCV x2  
  165  18:18  Siege Tank  
  165  18:19  Hellion x2  
  172  18:26  Siege Tank  
  166  18:27  Hellion  
  162  18:40  Hellion  
  160  18:45  Hellion  
  160  18:48  Siege Tank  
  150  18:50  Siege Tank  
  150  18:52  SCV  
  151  18:59  Hellion  
  142  19:12  Orbital Command  
  138  19:20  Siege Tank x2  
  138  19:28  Siege Tank  
  118  19:49  SCV x2  
  118  19:52  SCV x2  
  108  20:25  Refinery  
Tags
 
Add a new tag
Caveats
  • Supply blocks, unpowered buildings, or Contaminate may cause inaccurate times.
  • Supply counts are checked every 10 seconds.